[Event "Team 45 45 League T46"]
[Site "Internet Chess Club"]
[Date "2010.09.26"]
[Round "8"]
[White "technika"]
[Black "zeigmata"]
[Result "0-1"]
[WhiteElo "2077"]
[BlackElo "2361"]
[Opening "Sicilian: Grand Prix attack"]
[ECO "B23"]
[Time "14:30:47"]
[TimeControl "2700+45"]

1. e4 c5 2. Nc3 Nc6 3. f4 g6 4. Nf3 Bg7 5. Bb5 Nh6 6. Bxc6 bxc6 7. d3 O-O 8. O-O
d6 9. Qe1 f5 10. e5 Qc7 11. e6 Ng4 12. h3 Nf6 13. Bd2 Rb8 14. Rb1 Nd5 15. Ng5
Rf6 16. Nxd5 cxd5 17. Qh4 h6 18. Nf7 h5 19. Ng5 Bxe6 20. Rfe1 Bc8 21. Bc3 d4 22.
Bd2 Bb7 23. Ne6 Qc6 24. Qf2 Bh6 25. Ng5 Re8 26. h4 e5 27. fxe5 dxe5 28. Qe2 Rff8
29. Qf2 Bg7 30. b3 a5 31. a4 e4 32. Bf4 e3 33. Qg3 Be5 34. Nh3 Bxf4 35. Nxf4 Kh7
36. Qg5 Qf6 37. Qg3 Kh6 38. Re2 g5 39. Nh3 f4 40. hxg5+ Kg6 41. Qxe3 fxe3 42.
gxf6 Rxf6 43. Rbe1 Ref8 44. Kh2 Bc8 45. Rg1 Bg4 46. Ree1 Rf2 47. Rc1 Rd2 48. Kg3
Rf5 49. Nf4+ Kg5 50. Ne6+ Kf6 51. Nf4 Ke5 52. Ng6+ Kd6 53. Nf4 Rf2 54. Nh3 Bxh3
55. gxh3 R5f4 56. Rg2 h4+ 57. Kh2 Rxg2+ 58. Kxg2 Rf2+ {White resigns} 0-1

[Event "Team 45 45 League T46"]
[Site "Internet Chess Club"]
[Date "2010.09.25"]
[Round "8"]
[White "pentti63"]
[Black "jorobo"]
[Result "1/2-1/2"]
[WhiteElo "2269"]
[BlackElo "2107"]
[Opening "QGD: Tarrasch, Prague variation, 9.Bg5"]
[ECO "D30"]
[Time "07:03:10"]
[TimeControl "2700+45"]

1. d4 e6 2. c4 d5 3. Nf3 c5 4. cxd5 exd5 5. g3 Nc6 6. Bg2 Nf6 7. O-O Be7 8. Nc3
O-O 9. Bg5 Be6 10. dxc5 Bxc5 11. Rc1 Be7 12. Nd4 Qd7 13. Qa4 h6 14. Be3 Bh3 15.
Rfd1 Bxg2 16. Kxg2 Rfd8 17. Nxc6 bxc6 18. b4 Qf5 19. a3 a5 20. bxa5 c5 21. Nb5
d4 22. Bf4 g5 23. Bd2 Qe4+ 24. Kg1 Qxe2 25. Qc4 {Game drawn by mutual agreement}
1/2-1/2

[Event "Team 45 45 League T46"]
[Site "Internet Chess Club"]
[Date "2010.09.26"]
[Round "8"]
[White "noHz"]
[Black "saksipotku"]
[Result "1/2-1/2"]
[WhiteElo "2113"]
[BlackElo "2134"]
[Opening "QGD: Chigorin defense, Janowski variation"]
[ECO "D07"]
[Time "10:11:01"]
[TimeControl "2700+45"]

1. d4 d5 2. c4 Nc6 3. Nc3 dxc4 4. Nf3 Nf6 5. Bg5 Bg4 6. e3 e6 7. Bxc4 h6 8. Bh4
Bb4 9. O-O g5 10. Bg3 Bxc3 11. bxc3 Nd5 12. Rc1 O-O 13. Be2 f6 14. Qc2 Bf5 15.
Qb3 Na5 16. Qa3 b6 17. Nd2 Bg6 18. c4 Ne7 19. Bf3 Rc8 20. h3 Nf5 21. Bh2 Nh4 22.
Be2 c5 23. Qb2 cxd4 24. exd4 Qd7 25. Rfd1 Qb7 26. f3 Kg7 27. Bd6 Rfd8 28. Bb4
Qc7 29. Nf1 Nb7 30. Bc3 Nf5 31. Qa3 Nbd6 32. c5 Nf7 33. Ba6 Rb8 34. Qa4 Ne7 35.
Be1 bxc5 36. Ba5 Qf4 37. Bxd8 Rxd8 38. Rxc5 Nf5 39. Rc8 Nxd4 40. Rxd4 Qxd4+ 41.
Qxd4 Rxd4 42. Rc7 Ra4 43. Bc4 e5 44. Bb3 Ra6 45. Ne3 Kf8 46. Nd5 Nd6 47. Rd7 Ne8
48. Nb4 Rb6 49. Nd5 Ra6 50. Nb4 Ra3 51. Nc6 a6 52. Nd8 Ng7 53. Nf7 Nf5 54. Nh8
Be8 55. Ra7 Nd4 56. Bc4 Nb5 57. Ra8 Ke7 58. Kh2 Rc3 59. Bb3 Rc6 60. Kg3 f5 61.
a4 Nd4 62. Bd5 Rd6 63. Bc4 Bxa4 64. Ra7+ Rd7 65. Rxa6 Bc6 66. Nf7 Kf6 67. Nxh6
Kg6 68. Ng8 Kg7 69. h4 f4+ 70. Kg4 gxh4 71. Kxh4 Kg6 72. Bd3+ Kg7 73. Bc4 Rd8
74. Ne7 Kf6 75. Ng8+ Kg7 76. Ne7 Rd6 77. Rxc6 Rxc6 78. Nxc6 Nxc6 79. g3 fxg3
{Game drawn by mutual agreement} 1/2-1/2

[Event "Team 45 45 League T46"]
[Site "Internet Chess Club"]
[Date "2010.09.26"]
[Round "8"]
[White "Paulkov"]
[Black "Uwak"]
[Result "0-1"]
[WhiteElo "2259"]
[BlackElo "2472"]
[Opening "Sicilian: Sveshnikov variation"]
[ECO "B33"]
[Time "21:00:17"]
[TimeControl "2700+45"]

1. e4 c5 2. Nf3 Nc6 3. d4 cxd4 4. Nxd4 Nf6 5. Nc3 e5 6. Ndb5 d6 7. Bg5 a6 8. Na3
b5 9. Bxf6 gxf6 10. Nd5 f5 11. Bd3 Be6 12. O-O Bxd5 13. exd5 Ne7 14. c3 Bg7 15.
Nc2 O-O 16. a4 e4 17. Be2 bxa4 18. Rxa4 Qb6 19. Rb4 Qc5 20. Ne3 Rfb8 21. Rc4 Qb6
22. Rb4 Qc7 23. Rc4 Qa7 24. Qd2 a5 25. Ra1 Qb7 26. Ra2 f4 27. Nd1 Nxd5 28. Rxe4
Nxc3 29. Nxc3 Bxc3 30. Qxf4 Bxb2 31. Qf5 Bg7 32. Bf1 h6 33. Rg4 Qc8 34. Rxa5
Qxf5 35. Rxf5 Ra1 36. g3 Rbb1 37. Rf6 Rxf1+ 38. Kg2 Rg1+ 39. Kh3 Ra4 40. f4 Ra2
41. Rxd6 Rh1 42. Rh4 f5 {White resigns} 0-1

[Event "Team 45 45 League T46"]
[Site "Internet Chess Club"]
[Date "2010.09.26"]
[Round "8"]
[White "searchforbobby1"]
[Black "MaartenKoning"]
[Result "1-0"]
[WhiteElo "2264"]
[BlackElo "2282"]
[Opening "Center game: Berger variation"]
[ECO "C22"]
[Time "14:11:31"]
[TimeControl "2700+45"]

1. e4 e5 2. d4 exd4 3. Qxd4 Nc6 4. Qe3 Nf6 5. Nc3 Be7 6. Bc4 O-O 7. Bd2 d6 8.
O-O-O Be6 9. Bxe6 fxe6 10. Qh3 Qc8 11. f4 b5 12. Re1 b4 13. Na4 a5 14. Nf3 e5
15. f5 Qa6 16. g4 Nd7 17. g5 Nb6 18. g6 h6 19. Bxh6 gxh6 20. Qxh6 {Black
resigns} 1-0

[Event "Team 45 45 League T46"]
[Site "Internet Chess Club"]
[Date "2010.09.28"]
[Round "8"]
[White "Campagnolo"]
[Black "screamingeagle"]
[Result "1-0"]
[WhiteElo "2059"]
[BlackElo "1976"]
[Opening "Réti: Lisitsin gambit deferred"]
[ECO "A04"]
[Time "21:35:51"]
[TimeControl "2700+45"]

1. Nf3 f5 2. d3 Nf6 3. e4 fxe4 4. dxe4 e5 5. Bc4 c6 6. O-O d5 7. exd5 cxd5 8.
Bb5+ Bd7 9. Qe2 e4 10. Bxd7+ Qxd7 11. Rd1 Bd6 12. Nd4 O-O 13. h3 Nc6 14. Be3
Rad8 15. c4 Bb8 16. Nc3 Qd6 17. g3 Ne5 18. cxd5 Nxd5 19. Nxe4 Qg6 20. Nc3 Nxe3
21. Qxe3 a6 22. Kg2 Rde8 23. Qe4 Qf6 24. Qd5+ Kh8 25. f4 Ng6 26. Nde2 Qb6 27. b3
Qb4 28. Qd4 Qa5 29. Qd5 b5 30. a4 Qb6 31. axb5 axb5 32. b4 Ba7 33. Rf1 Ne7 34.
Qxb5 Nf5 35. Qxb6 Bxb6 36. Rfb1 Ne3+ 37. Kh2 Nd5 38. Ra6 Nxc3 39. Nxc3 Bd4 40.
Rc6 Re3 41. Rc1 h5 42. h4 g5 43. hxg5 h4 44. Nd5 hxg3+ 45. Kg2 Rd3 46. Rc8 Rxc8
47. Rxc8+ Kg7 48. Rc2 Bf2 49. Nc3 Rd4 50. Ne2 Rxb4 51. Nxg3 Bb6 52. f5 Rg4 53.
Rc6 Ba5 54. Rg6+ Kf7 55. Kf3 Ra4 56. Ne4 Ra3+ 57. Kg4 Bb4 58. Rb6 Ra4 59. Rb7+
Kf8 60. f6 Bd6 61. Kf5 Ra5+ 62. Kg6 Bf4 63. Rd7 Re5 64. Rd8+ Re8 65. Rxe8+ Kxe8
66. Kg7 Be5 67. Kg8 {Black resigns} 1-0

[Event "Team 45 45 League T46"]
[Site "Internet Chess Club"]
[Date "2010.09.24"]
[Round "8"]
[White "perikitosax"]
[Black "nosalt"]
[Result "0-1"]
[WhiteElo "1869"]
[BlackElo "2064"]
[Opening "QGD semi-Slav"]
[ECO "D43"]
[Time "15:14:23"]
[TimeControl "2700+45"]

1. d4 Nf6 2. Nf3 e6 3. c4 d5 4. Nc3 c6 5. Bg5 Be7 6. e3 O-O 7. Qc2 h6 8. h4 Nbd7
9. O-O-O Re8 10. Bxf6 Nxf6 11. Ne5 Nd7 12. Nf3 a6 13. Kb1 b5 14. c5 Qc7 15. Bd3
e5 16. Bh7+ Kh8 17. Bf5 e4 18. Bxd7 Bxd7 19. Ne5 Be6 20. f4 exf3 21. gxf3 Bxc5
22. Rdg1 Bd6 23. f4 Rab8 24. Ne2 c5 25. f5 cxd4 26. Qxc7 Bxf5+ 27. Ka1 Bxc7 28.
Nxf7+ Kh7 29. Nxd4 Be4 30. Rh3 Rf8 31. Ng5+ hxg5 32. Ne6 g4 {White resigns} 0-1

[Event "Team 45 45 League T46"]
[Site "Internet Chess Club"]
[Date "2010.09.26"]
[Round "8"]
[White "rookmaster23"]
[Black "alaskauk"]
[Result "1-0"]
[WhiteElo "1527"]
[BlackElo "1500"]
[Opening "QGD Slav: 4.Nc3"]
[ECO "D15"]
[Time "14:02:09"]
[TimeControl "2700+45"]

1. d4 d5 2. c4 c6 3. Nc3 Nf6 4. Nf3 Bf5 5. cxd5 cxd5 6. Bg5 Nc6 7. e3 Ne4 8. Qb3
Nxc3 9. bxc3 Qd7 10. Bb5 f6 11. Bf4 a6 12. Be2 g5 13. Bg3 Be4 14. Nd2 h5 15.
Nxe4 dxe4 16. Bc4 h4 17. Bf7+ Kd8 18. Qb6+ Kc8 19. Be6 {Black resigns} 1-0

[Event "Team 45 45 League T46"]
[Site "Internet Chess Club"]
[Date "2010.09.27"]
[Round "8"]
[White "Tjet"]
[Black "krysto"]
[Result "1/2-1/2"]
[WhiteElo "1552"]
[BlackElo "1456"]
[Opening "English opening"]
[ECO "A13"]
[Time "21:00:11"]
[TimeControl "2700+45"]

1. c4 e6 2. g3 d5 3. cxd5 exd5 4. Bg2 Nf6 5. Nf3 c5 6. O-O Nc6 7. d3 Be7 8. b3
O-O 9. Bb2 Bg4 10. h3 Be6 11. Kh2 Qd7 12. Ne5 Nxe5 13. Bxe5 Rac8 14. Bb2 h5 15.
Nd2 h4 16. Rc1 Qd6 17. Nf3 hxg3+ 18. fxg3 Nh5 19. Qe1 d4 20. Ng1 Bh4 21. Rf3 Bd5
22. Qf2 Rce8 23. e4 dxe3 24. Rxe3 Rxe3 25. Qxe3 Nxg3 26. Qe5 Qxe5 27. Bxe5 Bxg2
28. Bxg3 Bxg3+ 29. Kxg2 Bd6 30. Rc2 Rd8 31. Nf3 b6 32. d4 Be7 33. dxc5 Bxc5 34.
Rd2 Rxd2+ 35. Nxd2 a5 36. Nc4 g5 37. Kf3 Kg7 38. Kg4 Kg6 39. Ne5+ Kf6 40. Nd7+
Kg6 41. Ne5+ Kf6 42. Nd7+ Kg6 {Game drawn by mutual agreement} 1/2-1/2

[Event "Team 45 45 League T46"]
[Site "Internet Chess Club"]
[Date "2010.09.26"]
[Round "8"]
[White "LeanSixSigma"]
[Black "dpmdpm"]
[Result "1-0"]
[WhiteElo "1502"]
[BlackElo "1460"]
[Opening "QGD Slav: 4.Nc3"]
[ECO "D15"]
[Time "09:00:31"]
[TimeControl "2700+45"]

1. d4 d5 2. c4 c6 3. Nf3 Nf6 4. Nc3 Bf5 5. e3 e6 6. Bd3 Bg6 7. Ne5 Bxd3 8. Qxd3
Bb4 9. O-O Bxc3 10. bxc3 O-O 11. cxd5 cxd5 12. Ba3 Re8 13. f3 Nbd7 14. Rab1 b6
15. Nc6 Qc7 16. Ne7+ Kh8 17. e4 Ng8 18. Nxg8 Kxg8 19. e5 f6 20. Bd6 Qc6 21. f4
Rac8 22. Rf3 f5 23. Rg3 Qc4 24. Qxc4 Rxc4 25. h4 Rec8 26. Rb3 a5 27. h5 h6 28.
Rg6 Rxc3 29. Rxc3 Rxc3 30. Rxe6 Rc8 31. Re7 Nf8 32. e6 Rc6 33. Be5 Nxe6 34. Rd7
Rc1+ 35. Kh2 Rc2 36. Rxd5 Rxa2 37. Rd6 Kf7 38. Rxb6 a4 39. Rb7+ Kg8 40. d5 Nd8
41. Rxg7+ Kf8 42. Rh7 Nf7 43. d6 Nxe5 44. fxe5 Rd2 45. Ra7 Rd5 46. Rxa4 Rxe5 47.
Ra8+ Kf7 48. d7 Rd5 49. d8=Q {Black resigns} 1-0

[Event "Team 45 45 League T46"]
[Site "Internet Chess Club"]
[Date "2010.09.24"]
[Round "8"]
[White "Whalen"]
[Black "BrerRabbit"]
[Result "0-1"]
[WhiteElo "1576"]
[BlackElo "1599"]
[Opening "Trompowsky attack (Ruth, Opocenský opening)"]
[ECO "A45"]
[Time "10:45:51"]
[TimeControl "2700+45"]

1. d4 Nf6 2. Bg5 d6 3. Bxf6 exf6 4. c4 f5 5. Nc3 g6 6. e3 Bg7 7. Nf3 Nd7 8. Rc1
O-O 9. b4 Nf6 10. h3 c6 11. Bd3 Re8 12. O-O Ne4 13. Nd2 Nxc3 14. Rxc3 c5 15.
bxc5 dxc5 16. Nf3 cxd4 17. exd4 Bxd4 18. Rb3 Bc5 19. Qb1 b6 20. Rd1 Qf6 21. Bc2
Be6 22. Bd3 Rad8 23. Qc2 Bc8 24. Be2 Rxd1+ 25. Qxd1 Rd8 26. Qc1 Bb7 27. a4 a5
28. Kf1 Kg7 29. Qc3 Qxc3 30. Rxc3 f6 31. Nh4 Bc6 32. Rg3 Kf7 33. Bf3 Bxf3 34.
Rxf3 Rd4 35. g3 Rxc4 36. Rd3 Ke7 37. Rd2 Rxa4 38. Re2+ Re4 39. Rb2 a4 40. Ng2 a3
41. Ra2 b5 42. Nf4 Kd6 43. Nd3 b4 44. Nc1 Rc4 45. Nd3 b3 46. Rd2 Kc6 47. Ke1 Bb4
48. Nxb4+ Rxb4 49. Kd1 Rc4 50. Rd8 Kc7 51. Ra8 a2 52. Ra7+ Kb6 53. Ra3 Rc3 54.
Kd2 Rc2+ 55. Kd3 Rb2 56. Kc3 Rb1 {White resigns} 0-1

[Event "Team 45 45 League T46"]
[Site "Internet Chess Club"]
[Date "2010.09.24"]
[Round "8"]
[White "SCUGrad"]
[Black "stputte"]
[Result "0-1"]
[WhiteElo "1480"]
[BlackElo "1482"]
[Opening "Alekhine's defense"]
[ECO "B03"]
[Time "08:47:30"]
[TimeControl "2700+45"]

1. e4 Nf6 2. e5 Nd5 3. d4 d6 4. c4 Nb6 5. Nf3 g6 6. Be2 Bg7 7. O-O O-O 8. Nc3
Nc6 9. Bf4 dxe5 10. Nxe5 Nxd4 11. b3 Nxe2+ 12. Qxe2 Bf5 13. Rad1 Qc8 14. Ne4
Bxe4 15. Qxe4 c6 16. a4 Rd8 17. Rfe1 Qe6 18. a5 Rxd1 19. Rxd1 Bxe5 20. Qxe5 Qxe5
21. Bxe5 f6 22. Bc7 Nc8 23. Rd8+ Kf7 24. Kf1 e5 25. Ke2 Ke7 26. Ke3 a6 27. g4
Nb6 28. axb6 Rxd8 29. Bxd8+ Kxd8 30. c5 Ke7 31. Ke4 Ke6 32. b4 f5+ 33. gxf5+
gxf5+ 34. Kf3 Kd5 35. Ke3 Kc4 36. b5 axb5 {White resigns} 0-1

[Event "Team 45 45 League T46"]
[Site "Internet Chess Club"]
[Date "2010.09.25"]
[Round "8"]
[White "MeansToAnEnd"]
[Black "AtomicDog"]
[Result "0-1"]
[WhiteElo "1236"]
[BlackElo "1556"]
[Opening "Nimzo-Indian: classical, Noa variation, main line"]
[ECO "E37"]
[Time "12:00:08"]
[TimeControl "2700+45"]

1. d4 Nf6 2. c4 e6 3. Nc3 Bb4 4. Qc2 d5 5. a3 Bxc3+ 6. Qxc3 Ne4 7. Qd3 c5 8.
cxd5 Qxd5 9. dxc5 Nxc5 10. Qxd5 exd5 11. Bf4 Bf5 12. Rd1 Ne6 13. Rxd5 Be4 14.
Re5 Bc6 15. e3 Nd7 16. Rf5 Nxf4 17. Rxf4 O-O 18. Be2 Bxg2 19. Bf3 Bxh1 20. Bxh1
Nc5 21. Rc4 Nd3+ 22. Ke2 Nxb2 23. Rc7 Rac8 24. Rxb7 Rc2+ 25. Kf3 Rd8 26. Rxa7 g6
27. Nh3 Rdd2 28. Kg3 Nd1 29. Be4 Rb2 30. f4 Nxe3 31. Ng5 Nf1+ 32. Kf3 Nxh2+ 33.
Kg3 Nf1+ 34. Kg4 h5+ 35. Kf3 Rb3+ 36. Bd3 Rbxd3+ 37. Ke4 Re3# {White checkmated}
0-1

[Event "Team 45 45 League T46"]
[Site "Internet Chess Club"]
[Date "2010.09.23"]
[Round "8"]
[White "TheronUAL"]
[Black "PsyMar"]
[Result "1/2-1/2"]
[WhiteElo "1512"]
[BlackElo "1257"]
[Opening "Alekhine's defense: modern variation"]
[ECO "B04"]
[Time "10:01:20"]
[TimeControl "2700+45"]

1. e4 Nf6 2. e5 Nd5 3. Nf3 d6 4. d4 Nc6 5. Bc4 e6 6. c3 dxe5 7. Bb5 Bd7 8. O-O
exd4 9. Nxd4 Nxd4 10. Bxd7+ Qxd7 11. cxd4 Be7 12. Nc3 Nxc3 13. bxc3 O-O 14. Bf4
Bf6 15. Re1 Rac8 16. Re3 Rfd8 17. Rd3 c5 18. Qb1 cxd4 19. Bd2 Qc6 20. Qd1 h6 21.
Bxh6 g5 22. Qh5 Rd5 23. Rf3 Rf5 24. Rxf5 exf5 25. Bxg5 Qxc3 26. Rf1 d3 27. Be3
d2 28. Bxd2 Qxd2 29. Qxf5 Rc1 30. g3 Rxf1+ 31. Kxf1 Qc1+ 32. Kg2 Qc6+ 33. Kf1
Qc1+ 34. Kg2 Qc6+ 35. Kf1 Qc1+ {Game drawn by repetition} 1/2-1/2